 Dungeon Crawl Stone Soup version 0.31-a0-188-g5e087ee2ca (webtiles) character file.

Game seed: 8037442542588624862

16 qw the Shooter (level 2, 0/16 HPs)
             Began as a Deep Elf Hunter on June 23, 2023.
             Slain by a kobold
             ... wielding a +0 short sword
              (4 damage)
             ... on level 1 of the Dungeon.
             The game lasted 00:00:09 (317 turns).

qw the Shooter (Deep Elf Hunter)                     Turns: 317, Time: 00:00:10

Health: 0/16       AC:  3    Str:  8    XL:     2   Next: 37%
Magic:  4/4        EV: 12    Int: 13    God:
Gold:   14         SH:  0    Dex: 18    Spells: 1/1 levels left

rFire   . . .        a - +0 shortbow
rCold   . . .        (shield currently unavailable)
rNeg    . . .        c - +0 leather armour
rPois   .            (no helmet)
rElec   .            (no cloak)
rCorr   .            (no gloves)
SInv    .            (no boots)
Will    .....        (no amulet)
Stlth   ++           (no ring)
HPRegen 0.22/turn    (no ring)
MPRegen 0.09/turn

%: no passive effects
@: no status effects
A: no striking features
a: no special abilities


You were on level 1 of the Dungeon.
You visited 1 branch of the dungeon, and saw 1 of its levels.

You collected 14 gold pieces.


   Skills:
 - Level 1.5 Fighting
 + Level 6.2 Ranged Weapons
 - Level 2.4 Dodging
 - Level 1.2 Stealth


You had one spell level left.
You didn't know any spells.
Your spell library was empty.

Inventory:

Hand Weapons
 a - a +0 shortbow (weapon)
Armour
 c - a +0 leather armour (worn)
 f - a +0 scale mail
Jewellery
 h - a ring of poison resistance
Scrolls
 b - a scroll of butterflies
 d - a scroll of revelation {unknown}
 e - a scroll of immolation {unknown}
 i - a scroll of identify {unknown}
Potions
 g - a potion of haste {unknown}
 j - a potion of curing {unknown}

Dungeon Overview and Level Annotations

Branches:
Dungeon (1/15)

Altars:


Message History

You shoot an arrow. The arrow hits the quokka.
You kill the quokka!
A kobold comes into view. It is wielding a +0 short sword.
The kobold shouts!
An endoplasm comes into view.
Enter note:
Enter note:
Enter note: You shoot an arrow.
The arrow closely misses the kobold.
The endoplasm quivers.
You shoot an arrow. The arrow barely misses the kobold.
A goblin comes into view. It is wielding a +0 dagger.
You shoot an arrow. The arrow closely misses the kobold.
The goblin shouts!
The arrow hits the endoplasm.
The endoplasm is heavily wounded.
You shoot an arrow. The arrow barely misses the kobold.
A kobold comes into view. It is wielding a +0 whip.
You shoot an arrow. The arrow barely misses the kobold.
The kobold shouts!
The kobold closely misses you.
You shoot an arrow. The arrow hits the endoplasm.
The endoplasm is severely wounded.
The kobold misses you. The endoplasm closely misses you.
You shoot an arrow. The arrow hits the endoplasm!
You kill the endoplasm!
The kobold barely misses you.
You shoot an arrow. The arrow hits the goblin.
The goblin is moderately wounded.
The kobold barely misses you. The goblin hits you with a +0 dagger.
You shoot an arrow. The arrow barely misses the goblin.
The kobold hits you with a +0 short sword.
The goblin closely misses you.
You shoot an arrow. The arrow hits the goblin!
You kill the goblin!
The kobold hits you with a +0 short sword.
The kobold hits you with a +0 whip.
You shoot an arrow. The arrow closely misses the kobold.
The kobold hits you with a +0 short sword.
You die...

...#...#####.........
#...#...#.........
#.###.8.###.##.###
#.#.......#.##+###
#.+.8.<.8.'..%....
#.#.......#.......
#.###.8.###.......
#...#...#.........
#@..#####.........
#KK)..........[....
......########......
..####.... ..........
... #..#.# ####......
#. #..#... #...... .
#..# #.# #.##### ..#
.# #. #.


You could see 2 kobolds.

Vanquished Creatures
  4 ball pythons (D:1)
  2 bats (D:1)
  An endoplasm (D:1)
  A goblin (D:1)
  2 hobgoblins (D:1)
  A kobold (D:1)
  A quokka (D:1)
  3 rats (D:1)
15 creatures vanquished.

Notes
Turn   | Place    | Note
-------+----------+-------------------------------------------
     0 | D:1      | qw the Deep Elf Hunter began the quest for the Orb.
     0 | D:1      | Reached XP level 1. HP: 12/12 MP: 3/3
     0 | D:1      | 0 ||| qw: Version: 0.3-a-9-g12657ce
     0 | D:1      | 0 ||| qw: Game counter: 3202
     0 | D:1      | 0 ||| qw: Always use a shield: true
     0 | D:1      | 0 ||| qw: God list: Okawaru
     0 | D:1      | 0 ||| qw: Allow faded altars: false
     0 | D:1      | 0 ||| qw: Do Orc after D:15 true
     0 | D:1      | 0 ||| qw: Do second Lair branch before Depths: true
     0 | D:1      | 0 ||| qw: Lair rune preference: random
     0 | D:1      | 0 ||| qw: Plans: Normal
     0 | D:1      | 0 ||| PLANNING D:1-11
   164 | D:1      | Reached XP level 2. HP: 16/16 MP: 4/4
   170 | D:1      | Reached skill level 6 in Ranged Weapons
   316 | D:1      | HP: 3/16 [kobold/+0 whip (4)]
   317 | D:1      | Slain by a kobold

Levels and vault maps discovered:
D:1:      dpeg_arrival_simpleton_c, layout_basic, nrook_mini_vaults

Skill      XL: |  1  2 |
---------------+-------+-----
Ranged Weapons | 6 |  6.2
Fighting       | |  1.5
Dodging        | |  2.4
Stealth        | |  1.2

Action                     || total
---------------------------++-------
   Fire: Shortbow          ||    47
 Armour: Leather armour    ||     3
  Dodge: Dodged            ||    10

Table legend:
 A = Non-vault XP
 B = Vault XP
 C = Vault XP percentage of total XP
 D = Non-vault monster count
 E = Vault monster count
 F = Vault count percentage of total count
                 A         B        C        D         E       F
            +---------+---------+-------+---------+---------+-------
      Total |      23 |       0 |   0.0 |      15 |       0 |   0.0
            +---------+---------+-------+---------+---------+-------
        D:1 |      23 |       0 |   0.0 |      15 |       0 |   0.0
            +---------+---------+-------+---------+---------+-------
